 Dungeon Crawl Stone Soup version 0.21.0-24-g2553a33 (webtiles) character file.

16 tidbits the Charmwright (level 2, 10/26 HPs)
             Began as a Gnoll Skald on Jan 20, 2018.
             Quit the game on level 3 of the Dungeon.
             The game lasted 00:02:38 (319 turns).

tidbits the Charmwright (Gnoll Skald)                Turns: 319, Time: 00:02:39

Health: 10/26      AC:  3    Str: 13    XL:     2   Next: 58%
Magic:  4/7        EV: 14    Int: 15    God:
Gold:   39         SH:  0    Dex: 14    Spells: 5/10 levels left

rFire    . . .     SeeInvis .   a - +0 hand axe
rCold    . . .     Gourm    .   (no shield)
rNeg     . . .     Faith    .   b - +0 leather armour
rPois    .         Spirit   .   (no helmet)
rElec    .         Reflect  .   (no cloak)
rCorr    .         Harm     .   (no gloves)
MR       .....                  (no boots)
Stlth    +.........             (no amulet)
HPRegen  0.08/turn              (no ring)
MPRegen  0.10/turn              (no ring)

@: lethally poisoned (10 -> 0), singing
A: distributed training, fangs 1, strong nose
a: no special abilities


You were on level 3 of the Dungeon.
You were full.

You visited 1 branch of the dungeon, and saw 4 of its levels.

You collected 39 gold pieces.

Inventory:

Hand Weapons
 a - a +0 hand axe (weapon)
 i - a +0 mace of draining
   (You found it on level 2 of the Dungeon)
Armour
 b - a +0 leather armour (worn)
 g - a cursed +0 ring mail
Scrolls
 e - 2 scrolls of amnesia
 f - a scroll of fog {unknown}
 j - a scroll of identify {unknown}
 k - a scroll of teleportation {unknown}
Books
 c - a book of Battle

   Spells                             Type                      Level
   a - Infusion                       Charms                       1
   b - Shroud of Golubria             Charms/Translocation         2
   c - Song of Slaying                Charms                       2
   d - Spectral Weapon                Hexes/Charms                 3
   e - Regeneration                   Charms/Necromancy            3
Comestibles
 d - 3 rations


   Skills:
 + Level 4.5 Fighting
 + Level 0.4 Short Blades
 + Level 0.4 Long Blades
 + Level 4.5 Axes
 + Level 0.4 Maces & Flails
 + Level 0.4 Polearms
 + Level 0.4 Staves
 + Level 0.4 Slings
 + Level 0.4 Bows
 + Level 0.4 Crossbows
 + Level 0.4 Throwing
 + Level 2.5 Armour
 + Level 4.5 Dodging
 + Level 0.4 Stealth
 + Level 0.4 Shields
 + Level 0.4 Unarmed Combat
 + Level 4.9 Spellcasting
 + Level 0.2 Conjurations
 + Level 0.2 Hexes
 + Level 5.3 Charms
 + Level 0.2 Summonings
 + Level 0.2 Necromancy
 + Level 0.2 Translocations
 + Level 0.2 Transmutations
 + Level 0.2 Fire Magic
 + Level 0.2 Ice Magic
 + Level 0.2 Air Magic
 + Level 0.2 Earth Magic
 + Level 0.2 Poison Magic
 + Level 0.5 Invocations
 + Level 0.4 Evocations


You had 5 spell levels left.
You knew the following spells:

 Your Spells              Type           Power        Failure   Level  Hunger
g - Shroud of Golubria    Chrm/Tloc      ##........   10%         2    ##.....
i - Infusion              Chrm           ###.         2%          1    None
y - Song of Slaying       Chrm           ###.....     3%          2    ##.....


Dungeon Overview and Level Annotations

Branches:
Dungeon (4/15)
 Temple: D:4-7

Altars:

Portals:
Sewer: D:3


Innate Abilities, Weirdness & Mutations

Your experience applies equally to all skills.
You have very sharp teeth.
Your uncanny sense of smell can sniff out nearby items.


Message History

Found a ration.
Found 15 arrows.
Found a ration.
A kobold comes into view. It is wielding a club.
The kobold shouts!
Unknown command.
You hit the kobold.
You kill the kobold!
A giant cockroach comes into view.
You hear the slow rusting of a drain nearby.
Found a glowing drain.
You see here a club.
The adder hisses angrily. x2
The giant cockroach moves out of view.
You see here a ration.
Unknown command.
You eat the ration.
That ration really hit the spot!
The adder hisses angrily.
Unknown command.
Wield which item (- for none, * to show all)? (? for menu, Esc to quit)
You don't have any such object.
Wield which item (- for none, * to show all)? (? for menu, Esc to quit)
Okay, then.
Okay, then.
Casting: Infusion
Confirm with . or Enter, or press ? or * to list all spells.
Space distorts slightly along a thin shroud covering your body.
Casting: Shroud of Golubria
Confirm with . or Enter, or press ? or * to list all spells.
You start singing a song of slaying.
Unknown command.
You open the door. The adder barely misses you.
Unknown command.
You closely miss the adder. The adder completely misses you.
The adder barely misses you.
You barely miss the adder.
Your shroud bends the adder's attack away.
Unknown command.
Wield which item (- for none, * to show all)? (? for menu, Esc to quit)
a - a +0 hand axe (weapon)
The adder bites you but does no damage. The adder barely misses you.
You barely miss the adder. You hit the adder but do no damage.
You hit the adder. The adder barely misses you.
Your shroud bends the adder's attack away.
The adder completely misses you. x2
You barely miss the adder. You hit the adder but do no damage.
You hit the adder.
Your shroud begins to fray at the edges.
The adder misses you. The adder bites you.
You are poisoned.
The adder poisons you!
Your shroud falls apart!
The adder bites you. x2
Unknown command.
You hit the adder.
The adder is moderately wounded.
You closely miss the adder. You barely miss the adder.
You feel sick.
The adder bites you. x2; The adder closely misses you.
The adder bites you.
* * * LOW HITPOINT WARNING * * *
Unknown command.
You closely miss the adder.
The adder is moderately wounded.
You barely miss the adder. You hit the adder. The adder bites you.
* * * LOW HITPOINT WARNING * * *
The adder bites you.
* * * LOW HITPOINT WARNING * * *
The adder closely misses you. x2
Unknown command.
It was a potion of heal wounds.
You feel much better.
You feel sick. The adder misses you. The adder bites you.
The adder barely misses you. x2
Unknown command.
You barely miss the adder.
The adder is lightly wounded.
You barely miss the adder. You closely miss the adder.
The adder barely misses you. The adder closely misses you. The adder bites you.
The adder completely misses you.
Unknown command.
You miss the adder.
The adder is lightly wounded.
You hit the adder but do no damage. You closely miss the adder.
You feel sick. The adder bites you. The adder closely misses you.
The adder bites you.
* * * LOW HITPOINT WARNING * * *
You are more poisoned.
The adder poisons you! The adder barely misses you. The adder misses you.
Unknown command.
You completely miss the adder.
The adder is lightly wounded.
You hit the adder. You miss the adder. The adder bites you but does no damage.
The adder barely misses you. x2
Unknown command.
You hit the adder. You bite the adder, but do no damage.
The adder is heavily wounded.
You hit the adder but do no damage. You barely miss the adder.
You feel sick. The adder closely misses you. The adder barely misses you.
The adder closely misses you. The adder bites you.
* * * LOW HITPOINT WARNING * * *
You are lethally poisoned!
The adder poisons you! The adder barely misses you.
Unknown command.
Are you sure you want to abandon this character and quit the game? (Confirm with "yes".)

.........#...........
#......##).##.#####..#
..............#≈≈≈#..#
#......###..#.#≈≈≈#..#
######(# #..#.#≈∩≈#..#
#.# #..#.#≈≈≈#..# #.#
#..#.#sS≈#..# #.#
#..#.##S##..# ∆∆
#.....S@S...#
#......####.# #..#####
#.. #.. #. ##


You could see 4 adders and a giant cockroach.

Vanquished Creatures
  An adder skeleton (D:4)
  3 leopard geckos
  2 goblins
  2 jackals (D:1)
  A kobold (D:3)
  A rat (D:1)
10 creatures vanquished.

Notes
Turn   | Place    | Note
-------+----------+-------------------------------------------
     0 | D:1      | tidbits the Gnoll Skald began the quest for the Orb.
     0 | D:1      | Reached XP level 1. HP: 20/20 MP: 6/6
    76 | D:2      | Reached XP level 2. HP: 20/26 MP: 0/7
    80 | D:2      | Learned a level 2 spell: Song of Slaying
    83 | D:2      | Learned a level 2 spell: Shroud of Golubria
   290 | D:3      | Found a glowing drain.
   319 | D:3      | Quit the game

Action                   || total
-------------------------++-------
Melee: Hand axe          ||    18
       Bite              ||     2
       Mace              ||     8
 Cast: Infusion          ||     4
       Shroud of Golubri ||     1
       Song of Slaying   ||     1
  Use: Scroll            ||     1
       Potion            ||     1
  Eat: Ration            ||     1
Armor: Leather armour    ||     3
Dodge: Dodged            ||    39

Table legend:
 A = Turns spent in this place as a percentage of turns spent in the entire game.
 B = Non-inter-level travel turns spent in this place as a percentage of non-inter-level travel turns spent in the entire game.
 C = Inter-level travel turns spent in this place as a percentage of turns spent in this place.
 D = Turns resting spent in this place as a percentage of non-inter-level travel turns spent in this place.
 E = Turns spent auto-exploring this place as a percentage of non-inter-level travel turns spent in this place.
 F = Non-inter-level travel turns spent in this place divided by the number of levels of this place that you've seen.
                   A       B       C       D       E      F
               +-------+-------+-------+-------+-------+----------------------
         Total | 100.0 | 100.0 |   0.0 |   0.0 |   0.0 |  79.8
       Dungeon | 100.0 | 100.0 |   0.0 |   0.0 |   0.0 |  79.8
               +-------+-------+-------+-------+-------+----------------------

Table legend:
 A = Kills in this place as a percentage of kills in entire the game.
 B = Kills by you in this place as a percentage of kills by you in the entire game.
 C = Kills by friends in this place as a percentage of kills by friends in the entire game.
 D = Other kills in this place as a percentage of other kills in the entire game.
 E = Experience gained in this place as a percentage of experience gained in the entire game.
 F = Experience gained in this place divided by the number of levels of this place that you have seen.
                   A       B       C       D       E      F
               +-------+-------+-------+-------+-------+----------------------
         Total | 100.0 | 100.0 |   N/A |   N/A | 100.0 |   6.0
       Dungeon | 100.0 | 100.0 |   N/A |   N/A | 100.0 |   6.0
               +-------+-------+-------+-------+-------+----------------------

Vault maps used:
D:1:      scummos_arrival_gate
D:2:      grunt_dithmenos_smoke, fedhas_altar_3
D:3:      vehumet_crystals, yredelemnul_altar_generic, first_ration,
          gup_sewer_entry_glass, okawaru_gym_becter, uniq_jessica
D:4:      minmay_temple_entry_fiery, minmay_hollow_rounded_squares
